 Dungeon Crawl Stone Soup version 0.23.2-1-ga50397a (webtiles) character file.

Game seed: 4978862736265396972

242162 dvd the Executioner (level 19, 0/182 HPs)
             Began as a Hill Orc Berserker on May 1, 2019.
             Was a High Priest of Trog.
             Killed from afar by a ynoxinul (20 damage)
             ... with an iron shot
             ... summoned by a deep elf mage
             ... on level 1 of the Elven Halls.
             The game lasted 02:13:20 (36387 turns).

dvd the Executioner (Hill Orc Berserker)           Turns: 36387, Time: 02:13:21

Health: 0/182      AC: 36    Str: 32    XL:     19   Next: 38%
Magic:  22/22      EV:  6    Int:  8    God:    Trog [*****.]
Gold:   867        SH: 22    Dex: 16    Spells: 18/18 levels left

rFire    + + .     SeeInvis +   a - +8 broad axe (chop)
rCold    + + .     Gourm    .   N - +2 large shield
rNeg     + . .     Faith    .   C - +7 gold dragon scales
rPois    +         Spirit   .   T - +2 hat {MR+}
rElec    +         Reflect  +   d - scarf {rC+ rF+}
rCorr    .         Harm     .   g - +2 pair of gloves {Str+3}
MR       ++++.                  O - +0 pair of boots "Ijomud" {Int+4}
Stlth    ..........             z - amulet of Yxtior {Reflect rPois SH+3}
HPRegen  1.40/turn              J - ring of see invisible
MPRegen  0.18/turn              G - ring of Elyvilon's Envy {rElec rN+ Str+5 Int-3}

@: lethally poisoned (0 -> 0), about to teleport, regenerating
A: antennae 1, agile 1
}: 2/15 runes: barnacled, gossamer
a: Berserk, Trog's Hand, Brothers in Arms, Renounce Religion


You were on level 1 of the Elven Halls.
You worshipped Trog.
Trog was extremely pleased with you.
You were not hungry.

You visited 6 branches of the dungeon, and saw 32 of its levels.
You visited 1 bazaar.
You also visited: Gauntlet.

You collected 3341 gold pieces.
You spent 2474 gold pieces at shops.

Inventory:

Hand Weapons
 a - a +8 broad axe of chopping (weapon)
 q - a +6 antimagic war axe
 u - a +5 battleaxe of electrocution
 x - a +6 demon trident of freezing
Missiles
 s - 10 silver javelins
 v - 8 tomahawks of returning
 B - 8 steel tomahawks
 E - 33 javelins of penetration (quivered)
 Q - 6 poisoned tomahawks
 U - 2 javelins of returning
 W - 17 poisoned javelins
 Z - 95 javelins
Armour
 d - a scarf of resistance (worn)
 g - a +2 pair of gloves of strength (worn)
 C - +7 gold dragon scales (worn)
 N - a +2 large shield (worn)
 O - the +0 pair of boots "Ijomud" (worn) {Int+4}
   (You found it on level 7 of the Dungeon)

   It affects your intelligence (+4).
 T - a +2 hat of magic resistance (worn)
Jewellery
 b - the ring "Pyrok" {+Fly rN+ Str+3}
   (You found it in a Gauntlet)

   [ring of flight]

   It affects your strength (+3).
   It protects you from negative energy.
   It lets you fly.
 k - an uncursed ring of resist corrosion
 r - a +6 ring of protection
 z - the amulet of Yxtior (around neck) {Reflect rPois SH+3}
   (You acquired it on level 2 of the Shoals)

   [amulet of reflection]

   It shields you and reflects attacks.
   It protects you from poison.
   It affects your SH (+3).
 F - the ring of Satyriasis {rC+ rN+}
   (You found it on level 4 of the Shoals)

   [ring of positive energy]

   It protects you from cold.
   It protects you from negative energy.
 G - the ring of Elyvilon's Envy (right hand) {rElec rN+ Str+5 Int-3}
   (You acquired it on level 1 of the Shoals)

   [ring of strength]

   It affects your strength (+5).
   It affects your intelligence (-3).
   It insulates you from electricity.
   It protects you from negative energy.
 J - a ring of see invisible (left hand)
Wands
 i - a wand of digging (7)
 o - a wand of disintegration (16)
 H - a wand of acid (13)
 I - a wand of flame (47)
 M - a wand of iceblast (29)
 P - a wand of paralysis (6)
Scrolls
 h - 22 scrolls of identify
 l - 16 scrolls of remove curse
 w - 13 scrolls of teleportation
 y - 5 scrolls of fog
 D - 3 scrolls of blinking
 R - 5 scrolls of magic mapping
 V - a scroll of summoning
 Y - a scroll of fear
Potions
 e - 5 potions of ambrosia
 f - a potion of cancellation
 j - 4 potions of agility
 m - a potion of mutation
 n - 8 potions of curing
 p - 3 potions of magic
 t - 4 potions of haste
 A - 5 potions of heal wounds
 K - 2 potions of resistance
 L - 2 potions of flight
 S - a potion of invisibility
Comestibles
 c - 46 rations
 X - 2 chunks of flesh


   Skills:
 + Level 19.0 Fighting
   Level 2.1 Long Blades
 + Level 22.5(22.6) Axes
 + Level 3.3(13.7) Polearms
 + Level 12.2 Throwing
 * Level 18.0 Armour
 + Level 4.5 Dodging
 + Level 3.5 Stealth
 + Level 5.2 Shields
 + Level 4.2 Evocations


You had 18 spell levels left.
You didn't know any spells.
Your spell library was empty.

Dungeon Overview and Level Annotations

Branches:
Dungeon (15/15)            Temple (0/1) D:6            Lair (6/6) D:11
 Shoals (4/4) Lair:2       Spider (4/4) Lair:2        Slime (0/5) Lair:5
    Orc (2/2) D:10            Elf (1/3) Orc:2        Vaults (0/5) D:14
 Depths (0/5) D:15

Altars:
Ashenzari
Dithmenos
Elyvilon
Gozag
Kikubaaqudgha
Makhleb
Ru
Trog
Uskayaw
Yredelemnul
The Shining One
Jiyva

Shops:
D:7 }**=   D:9 }   Orc:2 [[[:   Shoals:2 **   Shoals:3 :

Portals:
Trove: D:15 (show abyssal rune of Zot)


Innate Abilities, Weirdness & Mutations

You have a pair of small antennae on your head.
You are agile. (Dex +2)


Message History

The deep elf high priest is lightly wounded.
The javelin of penetration pierces through the hell rat!!
You kill the hell rat!
The hell rat's corpse disappears in a puff of smoke!
The javelin of penetration pierces through the hell rat but does no damage.
The javelin of penetration pierces through the deep elf mage.
The deep elf mage is lightly wounded.
You block the +2 trident of venom's attack.
The deep elf mage mumbles some strange words.
The deep elf high priest invokes the aid of its god against you.
Something smites you!
* * * LOW HITPOINT WARNING * * *
The orc wizard looks encouraged for a moment.
You block the hell rat's attack.
The deep elf mage casts a spell.
The deep elf mage blinks!
You block the ufetubus's attack. The ufetubus barely misses you.
The ynoxinul gestures at you. The iron shot hits you!!
You die...

#>........# #.........#####.
#........)###.........'...'.
+........)'.'.........#####)
#........(###.........# #.
#.........# #.........# ##
##.......## ##.......## #
##.....#+ ##.....## #######
### ###+### #@## #.#
.e3.oe3r5## #.#
.(er4(ex#.###.#
#.)#e§#e##.##'#
.$.o?eYY###'#.## $....e.#
##...## #..#e #####.....+
..... +........## +.##.##.#+


You could see 2 deep elf archers, 3 deep elf high priests, an ice devil, 4 deep
elf magi, a smoke demon, a ynoxinul, 2 ice beasts, 2 hell rats, a +2 trident of
venom, an orc wizard (invisible), an orc, an ufetubus and a crawling corpse.

Vanquished Creatures
  Jorgrun (Orc:2)
  The ghost of myga the Stickfighter, an adept FoFi of Okawaru (Shoals:2)
  Kirke (Lair:6)
  6 ghost moths
  Louise (Elf:1)
  5 emperor scorpions
  A reaper (Gauntlet)
  The ghost of Cofimnas the Cleaver, a journeyman FoFi of Okawaru (D:14)
  2 entropy weavers
  2 spark wasps (Spider:4)
  A minotaur (Gauntlet)
  5 dire elephants (Lair:6)
  5 merfolk javelineers
  Josephine (Lair:5)
  4 merfolk impalers
  The ghost of dengdeng the Protected, a journeyman MiBe of Trog (D:13)
  Harold (D:8)
  4 vault guards (D:14)
  A rakshasa (D:9)
  2 satyrs (Shoals:3)
  7 hydras
  2 centaur warriors
  An anaconda (Lair:6)
  An alligator snapping turtle (Shoals:4)
  7 merfolk aquamancers
  7 two-headed ogres
  A hell hog (Gauntlet)
  An ogre mage (D:15)
  6 dancing weapons (Elf:1)
  A queen ant (Lair:3)
  7 death yaks
  Sonja (Orc:2)
  Nergalle (D:12)
  2 deep elf knights (Elf:1)
  4 skeletal warriors
  17 sea snakes
  A kraken simulacrum (Shoals:4)
  An unseen horror (D:15)
  A wizard (D:14)
  An obsidian statue (Shoals:2)
  2 orc knights
  4 deep elf archers (Elf:1)
  23 orb spiders
  13 cyclopes
  27 fauns
  An orc sorcerer (Elf:1)
  9 harpies
  A salamander (shapeshifter) (D:15)
  14 ugly things
  16 manticores
  5 deep elf magi
  4 oklob plants (Lair:3)
  8 elephants
  33 wolf spiders
  2 moths of wrath
  3 black mambas
  2 centaur zombies
  5 water nymphs
  An ice statue (Gauntlet)
  10 merfolk sirens
  The ghost of RatmanManrat the Basher, a novice MiBe of Trog (D:5)
  A gargoyle (D:12)
  2 torpor snails
  11 spiny frogs
  3 rime drakes
  4 komodo dragons
  2 kobold demonologists
  A yaktaur (D:14)
  13 demonic crawlers
  A redback zombie (D:14)
  A harpy zombie (D:14)
  A polar bear (shapeshifter) (D:13)
  A small abomination (Elf:1)
  3 meliai (D:15)
  7 trolls
  30 merfolk
  31 jumping spiders
  A merfolk (shapeshifter) (D:15)
  A polar bear (Lair:6)
  3 wind drakes
  13 hornets
  20 dream sheep
  Grinder (D:4)
  15 slime creatures
  9 hippogriffs
  4 snapping turtles
  14 blink frogs
  67 redbacks
  10 wraiths
  A spriggan (D:9)
  28 tarantellas
  A shadow (D:13)
  A vampire (D:11)
  14 water elementals
  27 yaks
  2 basilisks
  4 fire bats (Gauntlet)
  5 hogs (Lair:6)
  2 wyverns
  Grum (D:9)
  2 hungry ghosts
  8 humans (D:14)
  10 soldier ants
  2 wargs
  2 acid dragons (D:15)
  8 water moccasins
  2 hell hounds (Gauntlet)
  5 porcupines
  2 ice beasts
  22 orc warriors
  3 necrophages
  A phantom (D:7)
  5 sky beasts
  2 eyes of draining
  10 ogres
  5 boggarts
  20 centaurs
  9 wolves
  15 crocodiles
  10 bullfrogs
  2 gnoll sergeants
  A wyvern skeleton (D:13)
  6 scorpions
  11 killer bees
  A vampire bat (Lair:3)
  6 wights
  An electric eel (Spider:1)
  5 howler monkeys
  4 crimson imps
  3 bullfrog zombies
  3 quasits
  17 orc priests
  7 hounds
  8 jellies
  4 bullfrog skeletons
  5 centaur skeletons
  4 iguanas
  18 orc wizards
  22 worker ants
  A killer bee zombie (D:7)
  A hound zombie (D:6)
  2 hound skeletons
  A worker ant zombie (D:10)
  18 gnolls
  12 adders
  5 shadow imps
  3 oozes
  4 adder skeletons
  2 dart slugs
  7 leopard geckos
  81 orcs
  4 giant cockroaches
  4 goblins
  4 hobgoblins
  11 jackals
  9 kobolds
  7 quokkas
  11 bats
  A frilled lizard (D:3)
  A giant cockroach zombie (D:5)
  A jackal skeleton (D:8)
  A leopard gecko skeleton (D:8)
  A quokka skeleton (D:7)
  3 rats
  2 crawling corpses (Elf:1)
  15 fungi
  24 plants
  A tentacle (Shoals:4)
1164 creatures vanquished.

Vanquished Creatures (collateral kills)
  3 merfolk javelineers (Shoals:4)
  A merfolk impaler (Shoals:4)
  A merfolk aquamancer (Shoals:1)
  A merfolk avatar (Shoals:1)
  A sea snake (Shoals:1)
  2 harpies (Shoals:1)
  An orb spider (Spider:4)
  2 orc knights (Orc:2)
  2 fauns (Shoals:1)
  A manticore (Shoals:1)
  3 water nymphs
  A merfolk siren (Shoals:2)
  2 jumping spiders (Spider:4)
  A redback (Spider:4)
  13 orc warriors (Orc:2)
  6 centaurs (Orc:2)
  2 orcs (Orc:2)
43 creatures vanquished.

Vanquished Creatures (others)
  2 satyrs
  A cyclops (Shoals:3)
  A dart slug (D:3)
  A kobold (D:3)
  A quokka (D:3)
  A rat (D:3)
  A bush (Lair:4)
  A demonic plant (Gauntlet)
  14 fungi
  20 plants
  7 tentacles (Shoals:4)
50 creatures vanquished.

Grand Total: 1257 creatures vanquished

Notes
Turn   | Place    | Note
-------+----------+-------------------------------------------
     0 | D:1      | dvd the Hill Orc Berserker began the quest for the Orb.
     0 | D:1      | Reached XP level 1. HP: 19/19 MP: 1/1
   542 | D:1      | Reached XP level 2. HP: 26/27 MP: 2/2
   974 | D:2      | Found an ancient bone altar of Kikubaaqudgha.
  1126 | D:2      | Found a sacrificial altar of Ru.
  1137 | D:2      | Reached XP level 3. HP: 29/33 MP: 3/3
  1381 | D:2      | Found an ancient bone altar of Kikubaaqudgha.
  1381 | D:2      | Noticed a human
  1445 | D:2      | Reached ** piety under Trog
  1692 | D:3      | Reached skill level 5 in Axes
  1695 | D:3      | Reached XP level 4. HP: 41/41 MP: 4/4
  1973 | D:3      | Found a shadowy altar of Dithmenos.
  2093 | D:3      | Reached XP level 5. HP: 47/47 MP: 5/5
  2155 | D:3      | Found a white marble altar of Elyvilon.
  2213 | D:3      | Reached skill level 1 in Stealth
  2558 | D:4      | Found a glowing golden altar of the Shining One.
  2654 | D:4      | Noticed Grinder
  2657 | D:4      | Paralysed by Grinder for 5 turns
  2666 | D:4      | Reached skill level 6 in Axes
  2667 | D:4      | Killed Grinder
  2667 | D:4      | Reached skill level 5 in Fighting
  2667 | D:4      | Reached XP level 6. HP: 24/56 MP: 6/6
  2909 | D:4      | Found a bloodstained altar of Trog.
  2921 | D:4      | Found a hide-covered altar of Uskayaw.
  2925 | D:4      | Found an opulent altar of Gozag.
  2963 | D:5      | Entered Level 5 of the Dungeon
  3013 | D:5      | Reached skill level 7 in Axes
  3013 | D:5      | Reached XP level 7. HP: 55/61 MP: 7/7
  3029 | D:5      | Reached *** piety under Trog
  3058 | D:5      | Noticed RatmanManrat's ghost (novice MiBe)
  3063 | D:5      | Found a shattered altar of Ashenzari.
  3293 | D:5      | Found a transporter.
  3298 | D:5      | Found a transporter.
  3499 | D:6      | Reached skill level 8 in Axes
  3506 | D:6      | Reached XP level 8. HP: 70/70 MP: 8/8
  3899 | D:6      | Reached skill level 5 in Armour
  3952 | D:6      | Reached skill level 9 in Axes
  4192 | D:6      | Found a burning altar of Makhleb.
  4434 | D:6      | Found a staircase to the Ecumenical Temple.
  4566 | D:7      | Found Ethe's Assorted Antiques.
  4589 | D:7      | Reached skill level 10 in Axes
  4589 | D:7      | Reached XP level 9. HP: 60/77 MP: 9/9
  4596 | D:7      | Reached **** piety under Trog
  4696 | D:7      | Got a pair of smoking boots
  4702 | D:7      | Identified the cursed +0 pair of boots "Ijomud" {Int+4}
                  | (You found it on level 7 of the Dungeon)
  4726 | D:7      | Found Rerot's Jewellery Shop.
  4730 | D:7      | Found Reuwuto's General Store.
  4940 | D:7      | Found Neeshaer's Gadget Boutique.
  5207 | D:8      | Reached skill level 11 in Axes
  5236 | D:8      | Noticed Harold
  5259 | D:8      | Killed Harold
  5351 | D:8      | Noticed a two-headed ogre
  5360 | D:8      | Killed a two-headed ogre
  5360 | D:8      | Reached skill level 12 in Axes
  5360 | D:8      | Reached XP level 10. HP: 71/87 MP: 10/10
  5568 | D:8      | Noticed a two-headed ogre
  5572 | D:8      | Killed a two-headed ogre
  5572 | D:8      | Reached skill level 13 in Axes
  6278 | D:9      | Found a basalt altar of Yredelemnul.
  6380 | D:9      | Found Sufol's Gadget Shop.
  6476 | D:9      | Noticed Grum
  6487 | D:9      | Killed Grum
  6669 | D:9      | Noticed a rakshasa
  6691 | D:9      | Killed a rakshasa
  6691 | D:9      | Reached skill level 14 in Axes
  6691 | D:9      | Reached XP level 11. HP: 52/96 MP: 11/11
  7147 | D:10     | Entered Level 10 of the Dungeon
  7147 | D:10     | Found a staircase to the Orcish Mines.
  7552 | D:10     | Paralysed by a hornet for 1 turns
  7556 | D:10     | Reached skill level 15 in Axes
  8297 | D:11     | Reached skill level 1 in Throwing
  8426 | D:11     | Noticed a death yak
  8427 | D:11     | Noticed a death yak
  8429 | D:11     | Noticed a death yak
  8439 | D:11     | Killed a death yak
  8451 | D:11     | Killed a death yak
  8451 | D:11     | Reached ***** piety under Trog
  8451 | D:11     | Reached skill level 10 in Fighting
  8461 | D:11     | Killed a death yak
  8463 | D:11     | Found a staircase to the Lair.
  8514 | D:11     | Gained mutation: You have a pair of small antennae on your
                  | head. [potion of mutation]
  8514 | D:11     | Gained mutation: You are agile. (Dex +2) [potion of
                  | mutation]
  8529 | D:11     | Identified a scroll of acquirement
  8678 | D:11     | Reached skill level 10 in Armour
  8754 | D:11     | Noticed a white ugly thing
  8762 | D:11     | Killed a white ugly thing
  8762 | D:11     | Reached XP level 12. HP: 108/108 MP: 12/12
  8772 | D:11     | Reached skill level 16 in Axes
  8824 | D:11     | Noticed a four-headed hydra
  8839 | D:11     | Killed a four-headed hydra
  8937 | D:11     | Noticed a two-headed ogre
  8948 | D:11     | Killed a two-headed ogre
  9363 | D:5      | Killed RatmanManrat's ghost
  9379 | D:5      | Reached skill level 1 in Polearms
  9551 | Lair:1   | Entered Level 1 of the Lair of Beasts
 10704 | Lair:2   | Reached skill level 17 in Axes
 10932 | Lair:2   | Found a hole to the Spider Nest.
 11177 | Lair:2   | Found a staircase to the Shoals.
 11218 | Lair:2   | Reached XP level 13. HP: 103/117 MP: 13/13
 11666 | Lair:3   | Received a gift from Trog
 11700 | Lair:3   | Found a gate leading to a gauntlet.
 11721 | Gauntlet | Entered a Gauntlet
 11721 | Gauntlet | Found a transporter.
 11721 | Gauntlet | Found a transporter.
 11727 | Gauntlet | Found a transporter.
 11745 | Gauntlet | Found a transporter.
 11751 | Gauntlet | Found a transporter.
 11822 | Gauntlet | Got a translucent marble ring
 11826 | Gauntlet | Identified the ring "Pyrok" {+Fly rN+ Str+3} (You found it
                  | in a Gauntlet)
 11858 | Gauntlet | Found a transporter.
 11896 | Gauntlet | Noticed a reaper
 11896 | Gauntlet | Found a transporter.
 11909 | Gauntlet | Killed a reaper
 11914 | Gauntlet | Got a distressingly furry helmet
 11929 | Gauntlet | Found a transporter.
 11931 | Gauntlet | Found a transporter.
 12010 | Gauntlet | Found a transporter.
 12033 | Gauntlet | Found a transporter.
 12179 | Gauntlet | Identified the +0 helmet "Konum" {+Fly rC- Regen+ Dex+3}
                  | (You found it in a Gauntlet)
 12194 | Gauntlet | Identified the +7 great sword of Kootao {flame, +Inv Int-3
                  | Stlth+}
 12194 | Gauntlet | Noticed a minotaur
 12199 | Gauntlet | Killed a minotaur
 12212 | Gauntlet | Found the +8 demon blade "Leech" {vamp, rN+ AC-3 EV-3}
 12400 | Lair:3   | Got a shimmering ring mail
 12489 | Lair:3   | Identified the +0 ring mail of Padauw {Dex+2} (You found it
                  | on level 3 of the Lair of Beasts)
 12678 | Lair:3   | Reached skill level 18 in Axes
 13753 | Lair:4   | Reached skill level 1 in Evocations
 14012 | Lair:4   | Received a gift from Trog
 14035 | Lair:4   | Reached skill level 5 in Throwing
 14035 | Lair:4   | Reached XP level 14. HP: 73/129 MP: 15/15
 14723 | Lair:5   | Noticed Josephine
 14734 | Lair:5   | Killed Josephine
 14734 | Lair:5   | Reached skill level 19 in Axes
 14744 | Lair:5   | Reached skill level 1 in Long Blades
 14842 | Lair:5   | Found a viscous altar of Jiyva.
 14843 | Lair:5   | Found a staircase to the Slime Pits.
 14910 | Lair:5   | You fall through a shaft!
 14910 | Lair:6   | Entered Level 6 of the Lair of Beasts
 14973 | Lair:6   | Reached ****** piety under Trog
 15153 | Lair:6   | Received a gift from Trog
 15329 | Lair:6   | Reached skill level 1 in Shields
 15600 | Lair:6   | Noticed Kirke
 15617 | Lair:6   | Killed Kirke
 15682 | Lair:6   | Received a gift from Trog
 16561 | Lair:6   | Noticed a dire elephant
 16561 | Lair:6   | Noticed a dire elephant
 16581 | Lair:6   | Killed a dire elephant
 16589 | Lair:6   | Killed a dire elephant
 16688 | Lair:6   | Identified the +3 leather armour "Pehec" {rC+ MP+9 SInv}
                  | (You found it on level 6 of the Lair of Beasts)
 16774 | Lair:6   | Noticed a dire elephant
 16775 | Lair:6   | Noticed a dire elephant
 16800 | Lair:6   | Killed a dire elephant
 16805 | Lair:6   | Killed a dire elephant
 16905 | Lair:6   | Noticed a dire elephant
 16920 | Lair:6   | Killed a dire elephant
 17446 | D:12     | Noticed Nergalle
 17472 | D:12     | Killed Nergalle
 18137 | Orc:1    | Entered Level 1 of the Orcish Mines
 18184 | Orc:2    | Entered Level 2 of the Orcish Mines
 18321 | Orc:2    | Noticed Jorgrun
 18328 | Orc:2    | Killed Jorgrun
 18328 | Orc:2    | Reached XP level 15. HP: 137/139 MP: 16/16
 18344 | Orc:2    | Received a gift from Trog
 18370 | Orc:2    | Found Xeammaz's Armour Shoppe.
 18370 | Orc:2    | Found Dady's Antique Armour Shop.
 18376 | Orc:2    | Found Moeblag's Armour Boutique.
 18484 | Orc:2    | Found Miwiosen's Book Emporium.
 18490 | Orc:2    | Bought the +2 pair of gloves of Indemnity {rElec Dex+2} for
                  | 588 gold pieces
 18851 | Orc:2    | Noticed Sonja
 18857 | Orc:2    | Killed Sonja
 18857 | Orc:2    | Reached skill level 15 in Fighting
 19367 | Orc:2    | Found a staircase to the Elven Halls.
 19761 | Orc:1    | Received a gift from Trog
 20246 | D:13     | Reached skill level 20 in Axes
 20545 | D:13     | Identified the +3 ring mail "Hyacest" {*Drain rF+ Int+4
                  | Stlth+} (You found it on level 13 of the Dungeon)
 20664 | D:13     | Found a large runed translucent door.
 20664 | D:13     | Found a large runed translucent door.
 20678 | D:13     | Noticed dengdeng's ghost (journeyman MiBe)
 20697 | D:13     | Killed dengdeng's ghost
 20701 | D:13     | Identified the +9 hunting sling of the Unseen Realm
                  | {freeze, +Inv rC+} (You found it on level 13 of the
                  | Dungeon)
 20712 | D:13     | Identified the cursed +0 robe of the Crypt {*Corrode rN++}
                  | (You found it on level 13 of the Dungeon)
 21599 | D:14     | Found a runed translucent door.
 21610 | D:14     | Noticed Cofimnas's ghost (journeyman FoFi)
 21611 | D:14     | Found the +12 glaive of Prune {chop}
 21681 | D:14     | Killed Cofimnas's ghost
 21832 | D:14     | Received a gift from Trog
 21924 | D:14     | Identified the +4 chain mail of Narcissism {rN++ Dex-2}
                  | (You found it on level 14 of the Dungeon)
 22421 | D:14     | Found a gate to the Vaults.
 22750 | D:15     | Entered Level 15 of the Dungeon
 22766 | D:15     | Reached XP level 16. HP: 151/151 MP: 17/17
 22862 | D:15     | Received a gift from Trog
 22879 | D:15     | Found a portal to a secret trove of treasure.
 23138 | D:15     | Received a gift from Trog
 23581 | D:15     | Found a staircase to the Depths.
 24375 | Shoals:1 | Entered Level 1 of the Shoals
 24443 | Shoals:1 | Found a flickering gateway to a bazaar.
 24465 | Bazaar   | Entered a bazaar
 24465 | Bazaar   | Found Riurec's General Store.
 24481 | Bazaar   | Found Goydi's Antique Armour Shop.
 24508 | Bazaar   | Found Waquvakk's Antique Weapon Shop.
 24529 | Bazaar   | Bought a scroll of enchant armour for 112 gold pieces
 24566 | Bazaar   | Bought a jewelled long sword for 153 gold pieces
 24566 | Bazaar   | Bought a scorched falchion for 144 gold pieces
 24566 | Bazaar   | Identified the +9 long sword of Roh Hise {slice, rN+++
                  | Str+4 Int+4 Dex-4} (You bought it in a shop in a bazaar)
 24567 | Bazaar   | Identified the +8 falchion of Puan {venom, +Blink rN++
                  | Int-2 Dex+3} (You bought it in a shop in a bazaar)
 24585 | Bazaar   | Bought a wand of digging (7) for 330 gold pieces
 24674 | Shoals:1 | Reached skill level 21 in Axes
 24912 | Shoals:1 | Got a clouded turquoise ring
 24914 | Shoals:1 | Identified the ring of Elyvilon's Envy {rElec rN+ Str+5
                  | Int-3} (You acquired it on level 1 of the Shoals)
 25076 | Shoals:1 | Received a gift from Trog
 25076 | Shoals:1 | Reached skill level 15 in Armour
 25310 | Shoals:1 | You fall through a shaft!
 25427 | Shoals:2 | Found a runed translucent gate.
 25512 | Shoals:2 | Found a runed translucent gate.
 25546 | Shoals:2 | Found a runed translucent gate.
 25548 | Shoals:2 | Found an opulent altar of Gozag.
 25549 | Shoals:2 | Noticed myga's ghost (adept FoFi)
 25550 | Shoals:2 | Found Isux's Assorted Antiques.
 25634 | Shoals:2 | Killed myga's ghost
 25733 | Shoals:2 | Bought 3 scrolls of enchant armour for 675 gold pieces
 25733 | Shoals:2 | Bought a scroll of enchant weapon for 225 gold pieces
 25738 | Shoals:2 | Got a crude silver amulet
 25739 | Shoals:2 | Identified the amulet of Yxtior {Reflect rPois SH+3} (You
                  | acquired it on level 2 of the Shoals)
 25745 | Shoals:2 | Bought a scroll of blinking for 247 gold pieces
 25789 | Shoals:2 | Got an iridescent whip
 25790 | Shoals:2 | Identified the +7 whip "Junusmodi" {holy, rElec Stlth+}
                  | (You found it on level 2 of the Shoals)
 26247 | Shoals:3 | Received a gift from Trog
 26500 | Shoals:3 | Reached XP level 17. HP: 107/161 MP: 19/19
 27090 | Shoals:3 | Found Xicwor's Book Boutique.
 27873 | Shoals:3 | Received a gift from Trog
 27881 | Shoals:3 | Reached skill level 5 in Shields
 28533 | Shoals:4 | Entered Level 4 of the Shoals
 28875 | Shoals:4 | Received a gift from Trog
 29014 | Shoals:4 | Reached skill level 10 in Throwing
 29070 | Shoals:4 | Got a barnacled rune of Zot
 29616 | Shoals:4 | Got a crude tin ring
 29618 | Shoals:4 | Identified the ring of Satyriasis {rC+ rN+} (You found it
                  | on level 4 of the Shoals)
 29912 | Spider:1 | Entered Level 1 of the Spider Nest
 30004 | Spider:1 | Reached XP level 18. HP: 167/172 MP: 21/21
 30055 | Spider:1 | Received a gift from Trog
 30418 | Spider:1 | Reached skill level 22 in Axes
 30489 | Spider:1 | Received a gift from Trog
 32887 | Spider:3 | Received a gift from Trog
 33683 | Spider:4 | Entered Level 4 of the Spider Nest
 34234 | Spider:4 | Received a gift from Trog
 34377 | Spider:4 | Got a jewelled whip
 34378 | Spider:4 | Identified the +0 whip of the Extremes {slash, MR+} (You
                  | found it on level 4 of the Spider Nest)
 34496 | Spider:4 | Reached XP level 19. HP: 121/181 MP: 1/22
 35537 | Spider:4 | Received a gift from Trog
 35559 | Spider:4 | Got a gossamer rune of Zot
 35947 | Elf:1    | Entered Level 1 of the Elven Halls
 36092 | Elf:1    | Noticed Louise
 36100 | Elf:1    | Killed Louise
 36166 | Elf:1    | Received a gift from Trog
 36383 | Elf:1    | Received a gift from Trog
 36387 | Elf:1    | Killed from afar by a ynoxinul

Skill      XL: |  1  2  3  4  5  6  7  8  9 10 11 12 13 14 15 16 17 18 19 |
---------------+----------------------------------------------------------+-----
Fighting       | 4 5 6 8 9 10 11 13 14 16 17 18 19 | 19.0
Dodging        | 2 3 4 |  4.5
Axes           | 5 6 7 8 10 12 14 15 17 18 19 20 21 22 | 22.5
Stealth        | 1 2 3 |  3.5
Armour         | 3 4 5 7 9 10 11 12 13 14 15 16 17 18 | 18.0
Throwing       | 3 4 5 6 7 10 11 12 | 12.2
Polearms       | 1 2 3 |  3.3
Evocations     | 1 3 4 |  4.2
Long Blades    | 1 2 |  2.1
Shields        | 3 4 5 |  5.2

Action                   |  1- 3 |  4- 6 |  7- 9 | 10-12 | 13-15 | 16-18 | 19-21 || total
-------------------------+-------+-------+-------+-------+-------+-------+-------++-------
Melee: Hand axe          |    90 |   127 |   334 |       |       |       |       ||   551
       War axe           |       |       |    18 |   493 |   780 |       |       ||  1291
       Spear             |       |       |       |    11 |    50 |       |       ||    61
       Battleaxe         |       |       |       |       |   214 |   424 |       ||   638
       Great sword       |       |       |       |       |     5 |     1 |       ||     6
       Long sword        |       |       |       |       |     6 |       |       ||     6
       Broad axe         |       |       |       |       |       |   423 |   121 ||   544
Throw: Tomahawk          |       |       |       |    70 |    10 |    18 |       ||    98
       Javelin           |       |       |       |       |   111 |   456 |    43 ||   610
Invok: Berserk           |     1 |     3 |    10 |    12 |     9 |     7 |     2 ||    44
       Brothers in Arms  |       |       |     1 |     1 |     2 |     5 |     2 ||    11
       Trog's Hand       |       |       |       |     1 |     3 |     6 |     2 ||    12
 Abil: Evoke Flight      |       |       |       |       |       |    24 |       ||    24
Evoke: Wand              |       |       |     2 |       |     9 |     1 |     1 ||    13
  Use: Scroll            |       |       |       |    15 |    14 |    17 |     2 ||    48
       Potion            |       |       |       |    14 |       |     4 |     2 ||    20
 Stab: Sleeping          |     1 |       |     1 |       |       |       |       ||     2
       Distracted        |       |       |       |       |     1 |     1 |       ||     2
  Eat: Chunk             |     2 |     9 |    13 |    28 |    43 |    43 |     4 ||   142
       Ration            |       |       |     1 |     1 |     1 |     3 |     2 ||     8
Armor: Animal skin       |    10 |       |       |       |       |       |       ||    10
       Leather armour    |    10 |       |       |       |       |       |       ||    10
       Ring mail         |       |    46 |    39 |       |       |       |       ||    85
       Scale mail        |       |       |    23 |       |       |       |       ||    23
       Plate armour      |       |       |    47 |   271 |    69 |       |       ||   387
       Gold dragon scale |       |       |       |       |   585 |   900 |   135 ||  1620
Dodge: Dodged            |    76 |    74 |   176 |   244 |   435 |   521 |    71 ||  1597
Block: Buckler           |       |       |       |       |   176 |       |       ||   176
       Other             |       |       |       |       |       |    90 |    19 ||   109
       Reflection        |       |       |       |       |       |    13 |     8 ||    21
       Large shield      |       |       |       |       |       |       |    48 ||    48
       Rpst.: Long sword |       |       |       |       |     1 |       |       ||     1
